SAL
LAKEWOOD BLUECLAWS @ COLUMBIA FIREFLIES
07/11/2099
 
TOP OF THE 1ST
Lakewood BlueClaws batting - Pitching for Columbia Fireflies : RHP Nick Allen
Pitching: RHP Nick Allen
Batting: RHB Tony Ayala 0-0: Foul Ball, location: 9LMF
0-1: Ground out 6-3 (Groundball, 6, EV 83.8 MPH)
Batting: RHB Danny Rodriguez 0-0: Ball
1-0: Swinging Strike
1-1: Foul Ball, location: 2F
1-2: Strikes out swinging
Batting: LHB Steve Lennon 0-0: Called Strike
0-1: Foul Ball, location: 7LMF
0-2: Strikes out swinging
Top of the 1st over - 0 runs, 0 hits, 0 errors, 0 left on base; Lakewood 0 - Columbia 0
BOTTOM OF THE 1ST
Columbia Fireflies batting - Pitching for Lakewood BlueClaws : RHP Kevin Main
Pitching: RHP Kevin Main
Batting: RHB Andrew Covey 0-0: Ground out 6-3 (Groundball, 6, EV 80.6 MPH)
Batting: LHB Paul Carson 0-0: Ball
1-0: Foul Ball, location: 23F
1-1: Foul Ball, location: 5FF
1-2: Foul Ball, location: 5SF
1-2: SOLO HOME RUN (Flyball, 9LD, EV 91.3 MPH), Distance : 327 ft
Batting: RHB Joe Dahl 0-0: Called Strike
0-1: Foul Ball, location: 5DF
0-2: Ball
1-2: Foul Ball, location: 9LMF
1-2: Ball
2-2: Foul Ball, location: 9LDF
2-2: Foul Ball, location: 5F
2-2: Strikes out swinging
Batting: LHB Chris Allen 0-0: Called Strike
0-1: Ball
1-1: Ball
2-1: Ball
3-1: Base on Balls
Batting: LHB Josh Wiley 0-0: Ball
1-0: Swinging Strike
1-1: Ball
2-1: Called Strike
2-2: Strikes out swinging
Bottom of the 1st over - 1 run, 1 hit, 0 errors, 1 left on base; Lakewood 0 - Columbia 1
TOP OF THE 2ND
Lakewood BlueClaws batting - Pitching for Columbia Fireflies : RHP Nick Allen
Batting: LHB Joe Noga 0-0: Ball
1-0: Fly out, F7 (Line Drive, 78M, EV 102.5 MPH)
Batting: RHB Zach Miles 0-0: Ball
1-0: Ground out 5-3 (Groundball, 56S, EV 83.1 MPH)
Batting: LHB Guillermo Quiroz 0-0: Called Strike
0-1: Swinging Strike
0-2: Fly out, F9 (Flyball, 9D, EV 86.9 MPH)
Top of the 2nd over - 0 runs, 0 hits, 0 errors, 0 left on base; Lakewood 0 - Columbia 1
BOTTOM OF THE 2ND
Columbia Fireflies batting - Pitching for Lakewood BlueClaws : RHP Kevin Main
Batting: LHB Danny Salas 0-0: Called Strike
0-1: Swinging Strike
0-2: Ball
1-2: Ball
2-2: Fly out, F7 (Flyball, 78M, EV 94.4 MPH)
Batting: RHB Joel Lawrence 0-0: Ball
1-0: Fly out, F7 (Flyball, 7D, EV 108.8 MPH)
Batting: RHB Francisco Marquez 0-0: Ball
1-0: Swinging Strike
1-1: Called Strike
1-2: Ground out 4-3 (Groundball, 4, EV 105.0 MPH)
Bottom of the 2nd over - 0 runs, 0 hits, 0 errors, 0 left on base; Lakewood 0 - Columbia 1
TOP OF THE 3RD
Lakewood BlueClaws batting - Pitching for Columbia Fireflies : RHP Nick Allen
Batting: SHB Frits Loos 0-0: Foul Ball, location: 7LSF
0-1: Ball
1-1: Ball
2-1: Ball
3-1: Called Strike
3-2: Strikes out swinging, 2-3 out at first.
Batting: RHB Jim Unknown 0-0: Called Strike
0-1: Foul Ball, location: 3F
0-2: Strikes out swinging
Batting: RHB Jim Unknown 0-0: Called Strike
0-1: Ball
1-1: Swinging Strike
1-2: Foul Ball, location: 2F
1-2: SINGLE (Groundball, 6MD, EV 100.0 MPH)
Batting: RHB Tony Ayala 0-0: Fly out, F8 (Line Drive, 8RS, EV 100.6 MPH)
Top of the 3rd over - 0 runs, 1 hit, 0 errors, 1 left on base; Lakewood 0 - Columbia 1
BOTTOM OF THE 3RD
Columbia Fireflies batting - Pitching for Lakewood BlueClaws : RHP Kevin Main
Batting: RHB Fernando Melendez 0-0: Foul Ball, location: 9LDF
0-1: SINGLE (Line Drive, 9S, EV 100.6 MPH)
Batting: RHB Andrew Covey 0-0: Ground out 5-3 (Groundball, 56, EV 81.3 MPH)
Fernando Melendez to second
Batting: LHB Paul Carson 0-0: Ball
1-0: Ball
2-0: Ball
3-0: Called Strike
3-1: Base on Balls
Batting: RHB Joe Dahl 0-0: Foul Ball, location: 7LMF
0-1: Ball
1-1: Swinging Strike
1-2: Ball
2-2: Strikes out swinging
Batting: LHB Chris Allen 0-0: Ball
1-0: Ball
2-0: Foul Ball, location: 5DF
2-1: Ball
3-1: Base on Balls
Fernando Melendez to third
Paul Carson to second
Batting: LHB Josh Wiley 0-0: Foul Ball, location: 2F
0-1: Ball
1-1: Called Strike
1-2: Ball
2-2: Fly out, F7 (Flyball, 78S, EV 83.1 MPH)
Bottom of the 3rd over - 0 runs, 1 hit, 0 errors, 3 left on base; Lakewood 0 - Columbia 1
TOP OF THE 4TH
Lakewood BlueClaws batting - Pitching for Columbia Fireflies : RHP Nick Allen
Batting: RHB Danny Rodriguez 0-0: Foul Ball, location: 9LMF
0-1: Foul Ball, location: 2F
0-2: Ball
1-2: Ground out 1-3 (Groundball, 13S, EV 66.3 MPH)
Batting: LHB Steve Lennon 0-0: Foul Ball, location: 2RF
0-1: Ball
1-1: Called Strike
1-2: Ball
2-2: Ball
3-2: Strikes out looking
Batting: LHB Joe Noga 0-0: Called Strike
0-1: Foul Ball, location: 2F
0-2: Ball
1-2: Foul Ball, location: 7LSF
1-2: Foul Ball, location: 2F
1-2: Foul Ball, location: 2F
1-2: DOUBLE (Line Drive, 78D, EV 103.8 MPH)
Batting: RHB Zach Miles 0-0: Swinging Strike
0-1: Called Strike
0-2: Ball
1-2: Ball
2-2: Foul Ball, location: 2F
2-2: Fly out, F7 (Flyball, 7, EV 89.4 MPH)
Top of the 4th over - 0 runs, 1 hit, 0 errors, 1 left on base; Lakewood 0 - Columbia 1
BOTTOM OF THE 4TH
Columbia Fireflies batting - Pitching for Lakewood BlueClaws : RHP Kevin Main
Batting: LHB Danny Salas 0-0: Ball
1-0: Called Strike
1-1: Called Strike
1-2: Strikes out swinging
Batting: RHB Joel Lawrence 0-0: Fly out, F8 (Flyball, 8RD, EV 93.8 MPH)
Batting: RHB Francisco Marquez 0-0: Ground out 6-3 (Groundball, 6, EV 85.6 MPH)
Bottom of the 4th over - 0 runs, 0 hits, 0 errors, 0 left on base; Lakewood 0 - Columbia 1
TOP OF THE 5TH
Lakewood BlueClaws batting - Pitching for Columbia Fireflies : RHP Nick Allen
Batting: LHB Guillermo Quiroz 0-0: Called Strike
0-1: Ball
1-1: Ball
2-1: Fly out, F5 (Line Drive, 5, EV 72.5 MPH)
Batting: SHB Frits Loos 0-0: Ball
1-0: Foul Ball, location: 2F
1-1: Ground out 6-3 (Groundball, 6MS, EV 61.3 MPH)
Batting: RHB Jim Unknown 0-0: Ball
1-0: Called Strike
1-1: Ball
2-1: Called Strike
2-2: Ball
3-2: Foul Ball, location: 9LMF
3-2: Strikes out looking
Top of the 5th over - 0 runs, 0 hits, 0 errors, 0 left on base; Lakewood 0 - Columbia 1
BOTTOM OF THE 5TH
Columbia Fireflies batting - Pitching for Lakewood BlueClaws : RHP Kevin Main
Batting: RHB Fernando Melendez 0-0: Called Strike
0-1: Swinging Strike
0-2: Strikes out swinging
Batting: RHB Andrew Covey 0-0: Ball
1-0: Called Strike
1-1: Fly out, F7 (Flyball, 7LD, EV 95.0 MPH)
Batting: LHB Paul Carson 0-0: Ball
1-0: SINGLE (Line Drive, 7LS, EV 91.9 MPH)
Batting: RHB Joe Dahl 0-0: Called Strike
Paul Carson steals 2nd, throwing error, E2
Paul Carson to third
0-1: Called Strike
0-2: Ball
1-2: Foul Ball, location: 25F
1-2: Ball
2-2: Strikes out looking
Bottom of the 5th over - 0 runs, 1 hit, 1 error, 1 left on base; Lakewood 0 - Columbia 1
TOP OF THE 6TH
Lakewood BlueClaws batting - Pitching for Columbia Fireflies : RHP Nick Allen
Batting: RHB Jim Unknown 0-0: Ball
1-0: Swinging Strike
1-1: Fly out, F3 (Popup, 34, EV 76.3 MPH)
Batting: RHB Tony Ayala 0-0: Called Strike
0-1: Ball
1-1: Foul Ball, location: 3F
1-2: Foul Ball, location: 9LSF
1-2: Ball
2-2: Ball
3-2: Strikes out swinging
Batting: RHB Danny Rodriguez 0-0: Ball
1-0: Called Strike
1-1: Foul Ball, location: 5SF
1-2: Ball
2-2: Strikes out looking
Top of the 6th over - 0 runs, 0 hits, 0 errors, 0 left on base; Lakewood 0 - Columbia 1
BOTTOM OF THE 6TH
Columbia Fireflies batting - Pitching for Lakewood BlueClaws : RHP Kevin Main
Batting: LHB Chris Allen 0-0: Foul Ball, location: 2RF
0-1: Called Strike
0-2: Strikes out swinging
Batting: LHB Josh Wiley 0-0: Ball
1-0: SINGLE (Line Drive, 78S, EV 97.5 MPH)
Batting: LHB Danny Salas 0-0: Foul Ball, location: 2F
0-1: Ball
1-1: Foul Ball, location: 23FF
1-2: Strikes out looking
Batting: RHB Joel Lawrence 0-0: Ball
1-0: Ball
2-0: Ball
Josh Wiley is caught stealing 2nd base 2-4
Bottom of the 6th over - 0 runs, 1 hit, 0 errors, 0 left on base; Lakewood 0 - Columbia 1
TOP OF THE 7TH
Lakewood BlueClaws batting - Pitching for Columbia Fireflies : RHP Nick Allen
Batting: LHB Steve Lennon 0-0: Ball
1-0: Ball
2-0: Called Strike
2-1: Foul Ball, location: 2F
2-2: Foul Ball, location: 7LMF
2-2: Ball
3-2: Strikes out looking
Batting: LHB Joe Noga 0-0: Ball
1-0: Foul Ball, location: 7LSF
1-1: Ball
2-1: Swinging Strike
2-2: Ground out 6-3 (Groundball, 6, EV 100.6 MPH)
Batting: RHB Zach Miles 0-0: Ball
1-0: Foul Ball, location: 3FF
1-1: Foul Ball, location: 3FF
1-2: Ball
2-2: Ball
3-2: Fly out, F8 (Flyball, 8LD, EV 96.9 MPH)
Top of the 7th over - 0 runs, 0 hits, 0 errors, 0 left on base; Lakewood 0 - Columbia 1
BOTTOM OF THE 7TH
Columbia Fireflies batting - Pitching for Lakewood BlueClaws : RHP Kevin Main
Batting: RHB Joel Lawrence 0-0: Swinging Strike
0-1: Foul Ball, location: 2LF
0-2: Ball
1-2: Ball
2-2: Foul Ball, location: 9LMF
2-2: Foul Ball, location: 2F
2-2: Ball
3-2: Strikes out looking
Batting: RHB Francisco Marquez 0-0: Fly out, F7 (Line Drive, 7LS, EV 85.6 MPH)
Batting: RHB Fernando Melendez 0-0: Ball
1-0: Called Strike
1-1: Fly out, F3 (Popup, 34S, EV 75.6 MPH)
Bottom of the 7th over - 0 runs, 0 hits, 0 errors, 0 left on base; Lakewood 0 - Columbia 1
TOP OF THE 8TH
Lakewood BlueClaws batting - Pitching for Columbia Fireflies : RHP Nick Allen
Pitching: RHP Wilfred Colvin
Now in LF: Wilson Gonzalez
Batting: LHB Guillermo Quiroz 0-0: Ball
1-0: Ground out 6-3 (Groundball, 6M, EV 86.9 MPH)
Pinch Hitting: LHB Juan Rivera 0-0: Called Strike
0-1: Ball
1-1: Swinging Strike
1-2: Foul Ball, location: 7LDF
1-2: Strikes out swinging
Batting: RHB Jim Unknown 0-0: Ball
1-0: Called Strike
1-1: Ball
2-1: Ball
3-1: Foul Ball, location: 2F
3-2: Strikes out looking
Top of the 8th over - 0 runs, 0 hits, 0 errors, 0 left on base; Lakewood 0 - Columbia 1
BOTTOM OF THE 8TH
Columbia Fireflies batting - Pitching for Lakewood BlueClaws : RHP Kevin Main
Now in CF: Brian Baumbach
Batting: RHB Andrew Covey 0-0: Ground out 5-3 (Groundball, 5S, EV 81.3 MPH)
Batting: LHB Paul Carson 0-0: Ground out U3 (Groundball, 34, EV 82.5 MPH)
Batting: RHB Joe Dahl 0-0: Swinging Strike
0-1: Ball
1-1: Foul Ball, location: 25FF
1-2: Ball
2-2: Foul Ball, location: 7LSF
2-2: Ball
3-2: Fly out, F7 (Flyball, 7D, EV 103.1 MPH)
Bottom of the 8th over - 0 runs, 0 hits, 0 errors, 0 left on base; Lakewood 0 - Columbia 1
TOP OF THE 9TH
Lakewood BlueClaws batting - Pitching for Columbia Fireflies : RHP Wilfred Colvin
Pinch Hitting: RHB Jim Unknown 0-0: Called Strike
0-1: Ball
1-1: Called Strike
1-2: Strikes out swinging
Batting: RHB Tony Ayala 0-0: Ball
1-0: Called Strike
1-1: Foul Ball, location: 2F
1-2: Ball
2-2: Strikes out swinging
Batting: RHB Danny Rodriguez 0-0: Foul Ball, location: 25F
0-1: Foul Ball, location: 3F
0-2: Ball
1-2: Strikes out swinging
Top of the 9th over - 0 runs, 0 hits, 0 errors, 0 left on base; Lakewood 0 - Columbia 1
Saturday, May 11th , 2024 - OOTP Baseball 24.11 Build 85